 Dungeon Crawl Stone Soup version 0.21.0-3-g78d12a8 (webtiles) character file.

86 Ghouzt the Chopper (level 4, 0/35 HPs)
             Began as a Demonspawn Berserker on Jan 11, 2018.
             Was a Believer of Trog.
             Slain by Grinder (6 damage)
             ... on level 2 of the Dungeon.
             The game lasted 00:05:24 (1459 turns).

Ghouzt the Chopper (Demonspawn Berserker)           Turns: 1459, Time: 00:05:26

Health: 0/35       AC: 10    Str: 18    XL:     4   Next: 26%
Magic:  4/4        EV:  8    Int:  8    God:    Trog [**....]
Gold:   88         SH:  0    Dex: 13    Spells: 3/3 levels left

rFire    x . .     SeeInvis .   g - +2 hand axe (venom)
rCold    + . .     Gourm    .   (no shield)
rNeg     . . .     Faith    .   d - +0 chain mail
rPois    .         Spirit   .   (no helmet)
rElec    .         Reflect  .   (no cloak)
rCorr    .         Harm     .   (no gloves)
MR       .....                  (no boots)
Stlth    ..........             (no amulet)
HPRegen  0.11/turn              k - ring of ice
MPRegen  0.09/turn              (no ring)

@: berserk cooldown, slowed, very slow
A: icy blue scales 1
a: Berserk, Trog's Hand, Burn Spellbooks, Renounce Religion


You were on level 2 of the Dungeon.
You worshipped Trog.
Trog was pleased with you.
You were near starving.

You visited 1 branch of the dungeon, and saw 3 of its levels.

You collected 88 gold pieces.

Inventory:

Hand Weapons
 a - a +0 hand axe
 g - a +2 hand axe of venom (weapon)
Armour
 d - a +0 chain mail (worn)
Jewellery
 k - a ring of ice (left hand)
Scrolls
 e - 2 scrolls of teleportation
 i - 2 scrolls of identify
 m - 2 scrolls of remove curse
 o - a scroll of immolation {unknown}
 p - a scroll of fog {unknown}
Potions
 h - a potion of agility {unknown}
 j - a potion of heal wounds {unknown}
 l - a potion of brilliance {unknown}
 n - a potion of mutation {unknown}
Comestibles
 c - 4 rations
 f - a chunk of flesh


   Skills:
 + Level 3.4 Fighting
 * Level 4.0 Axes
 + Level 2.2 Armour
 - Level 1.9 Dodging


You had 3 spell levels left.
You didn't know any spells.

Dungeon Overview and Level Annotations

Branches:
Dungeon (3/15)

Altars:

Annotations:
D:2 Grinder


Innate Abilities, Weirdness & Mutations

You are partially covered in icy blue scales. (AC +2)


Message History

Grinder is moderately wounded.
Grinder hits you.
You writhe in agony.
You hit Grinder but do no damage.
Grinder is moderately wounded.
Grinder hits you but does no damage.
You closely miss Grinder.
Grinder is moderately wounded.
You slash Grinder!
Grinder is heavily wounded.
You are no longer berserk.
You are exhausted.
You feel yourself slow down. Grinder hits you.
You writhe in agony.
You hit Grinder.
Grinder is severely wounded.
Your skin stops crawling.
You feel less resistant to hostile enchantments.
Grinder hits you!
* * * LOW HITPOINT WARNING * * *
You writhe in agony.
You die...

#.#.......############.#
########'#+#...#[#
#########.#
...............#.#
#.......#.#
.######......#.#.#
#.......#.# .# #....).#<#.#
#.......#.# .# ######.#.#.#
#.......')# .# #...#.#
#.......###
.###############5####.......#
..........(....)@).##..)....#
...............†>[....##'####
##################.##.##.#
##################.##.##.#
..............[........#.#
##################.##..#.#
#.............# #.#.....#
#.......[.....# #.#.#.###
#.............# #.#.#..#


You could see Grinder.

Vanquished Creatures
  Terence (D:2)
  An adder (D:2)
  A worm (D:2)
  5 dart slugs
  A leopard gecko (D:1)
  An orc (D:2)
  2 bats
  3 goblins
  2 hobgoblins
  7 jackals
  6 kobolds (D:2)
  A ball python (D:2)
  3 frilled lizards
  4 rats
  4 bushes (D:1)
  2 plants (D:1)
44 creatures vanquished.

Notes
Turn   | Place    | Note
-------+----------+-------------------------------------------
     0 | D:1      | Ghouzt the Demonspawn Berserker began the quest for the Orb.
     0 | D:1      | Reached XP level 1. HP: 18/18 MP: 1/1
    42 | D:1      | Gained mutation: You are partially covered in icy blue scales. (AC +2) [demonic ancestry]
    42 | D:1      | Reached XP level 2. HP: 14/24 MP: 2/2
   193 | D:1      | Reached skill level 3 in Axes
   627 | D:1      | You fall through a shaft!
   670 | D:2      | Reached XP level 3. HP: 29/29 MP: 3/3
   817 | D:2      | Reached ** piety under Trog
  1356 | D:3      | Noticed Grinder
  1359 | D:3      | Noticed Terence
  1376 | D:3      | Paralysed by Grinder for 3 turns
  1436 | D:3      | Paralysed by Grinder for 5 turns
  1454 | D:2      | Killed Terence
  1454 | D:2      | Reached skill level 4 in Axes
  1454 | D:2      | Reached XP level 4. HP: 30/35 MP: 4/4
  1459 | D:2      | Slain by Grinder

Skill      XL: |  1  2  3 |
---------------+----------+-----
Axes           | 3 4 |  4.0
Armour         | 2 |  2.2
Fighting       | |  3.4
Dodging        | |  1.9

Action                   |  1- 3 |  4- 6 || total
-------------------------+-------+-------++-------
Melee: Hand axe          |   148 |     5 ||   153
Invok: Berserk           |     2 |       ||     2
       Trog's Hand       |     2 |       ||     2
  Use: Scroll            |     2 |       ||     2
  Eat: Chunk             |     3 |       ||     3
Armor: Chain mail        |   100 |     1 ||   101
Dodge: Dodged            |    78 |       ||    78
